 Dungeon Crawl Stone Soup version 0.28-a0-1356-g2ad6d04315 (webtiles) character file.

Game seed: 9878440980646038974

168 Teslajakalope the Covered (level 5, -6/47 HPs)
             Began as a Minotaur Fighter on Dec 30, 2021.
             Killed by nerve-wracking pain
             ... invoked by Grinder
              (13 damage)
             ... on level 3 of the Dungeon.
             The game lasted 00:13:22 (2185 turns).

Teslajakalope the Covered (Minotaur Fighter)        Turns: 2185, Time: 00:13:22

Health: -6/47      AC:  7    Str: 22    XL:     5   Next: 24%
Magic:  4/4        EV:  9    Int:  5    God:
Gold:   93         SH:  4    Dex: 10    Spells: 4/4 levels left

rFire   . . .      SeeInvis .   o - +2 flail (protect)
rCold   . . .      Faith    .   c - +0 buckler
rNeg    . . .      Spirit   .   b - +0 scale mail
rPois   .          Reflect  .   (helmet restricted)
rElec   .          Harm     .   (no cloak)
rCorr   .          Rampage  .   (no gloves)
Will    .....                   (no boots)
Stlth   ..........              (no amulet)
HPRegen 0.15/turn               (no ring)
MPRegen 0.09/turn               (no ring)

@: no status effects
A: horns 2, retaliatory headbutt
a: no special abilities


You were on level 3 of the Dungeon.
You visited 1 branch of the dungeon, and saw 4 of its levels.

You collected 93 gold pieces.

Inventory:

Hand Weapons
 a - a +0 war axe
 o - a +2 flail of protection (weapon)
Armour
 b - a +0 scale mail (worn)
 c - a +0 buckler (worn)
Jewellery
 m - a ring of see invisible
Scrolls
 i - a scroll of identify {unknown}
 n - a scroll of teleportation {unknown}
Potions
 d - 3 potions of might
 e - 3 potions of mutation {unknown}
 f - a potion of lignification {unknown}
 h - a potion of ambrosia {unknown}
 j - 3 potions of heal wounds {unknown}
 k - a potion of flight {unknown}
 l - a potion of curing {unknown}
 p - a potion of berserk rage {unknown}


   Skills:
 + Level 4.7 Fighting
 - Level 3.1(3.4) Axes
 + Level 2.0(2.9) Maces & Flails
 + Level 4.8 Armour
 + Level 4.7 Shields


You had 4 spell levels left.
You didn't know any spells.
Your spell library contained the following spells:

 Spells                   Type           Power      Damage    Failure   Level
 Passwall                 Tmut/Erth      0%         N/A       89%         2
 Swiftness                Air            0%         N/A       98%         3


Dungeon Overview and Level Annotations

Branches:
Dungeon (4/15)
 Temple: D:4-7

Altars:
Cheibriados

Annotations:
D:3 1 runed translucent door, Grinder; tonyyikes's ghost, weakling OpTm
D:4 Dowan; Duvessa


Innate Abilities, Weirdness & Mutations

You have a pair of horns on your head.
You reflexively headbutt those who attack you in melee.


Message History

Grinder is lightly wounded.
Grinder says, "DUCK!"
Grinder hits you but does no damage. Grinder hits you.
You writhe in agony.
You barely miss Grinder. You headbutt Grinder, but do no damage.
Grinder is lightly wounded.
Grinder blinks!
You see here an adder corpse.
Grinder blinks!
You see here a +0 robe.
There is a stone staircase leading down here.
You climb downwards.
Duvessa shouts!
Dowan shouts!
Found an escape hatch in the floor.
There is a stone staircase leading up here.
Dowan drinks a potion.
Dowan flickers and vanishes for a moment.
You climb upwards.
Level annotation: 1 runed translucent door, Grinder; tonyyikes's ghost, weakling OpTm
There is a stone staircase leading down here.
Grinder gestures at you. Pain shoots through your body!
Grinder gestures at you.
You suddenly lose the ability to move!
Grinder hits you!
* * * LOW HITPOINT WARNING * * *
You writhe in agony.
* * * LOW HITPOINT WARNING * * *
You can move again.
You remove your ring of see invisible.
As you read the scroll labelled QITEIWAPHU, it crumbles to dust.
It is a scroll of amnesia.
You feel forgetful for a moment. Grinder hits you.
* * * LOW HITPOINT WARNING * * *
You writhe in agony.
* * * LOW HITPOINT WARNING * * *
Grinder barely misses you.
Unknown command.
Grinder gestures at you. Pain shoots through your body!
You die...

####..####..........##
.......†.............#
..######.............#
...# #.............# ...#
#.#..........## ...#
#.##...#....## ...#
#.####.#5#### 5..# #.#
#.#..# ..## #.# #.##@#
..## #.# #.##.# ...# #.#
#.##.#####
...#####.####.##.#...##
..............##......####
....)....................#
.........####.##.......###
..######## #.##....>..#
...# ######.........##


You could see Grinder.

Vanquished Creatures
  An iron imp (D:3)
  2 orc wizards
  3 adders (D:3)
  A worm (D:2)
  A dart slug (D:1)
  3 orcs (D:3)
  3 ball pythons
  5 endoplasms
  5 giant cockroaches
  5 goblins
  4 hobgoblins
  5 jackals
  A quokka (D:3)
  8 bats
  3 kobolds
  5 rats
55 creatures vanquished.

Vanquished Creatures (others)
  3 fungi (D:1)
  7 plants (D:1)
10 creatures vanquished.

Grand Total: 65 creatures vanquished

Notes
Turn   | Place    | Note
-------+----------+-------------------------------------------
     0 | D:1      | Teslajakalope the Minotaur Fighter began the quest for the
                  | Orb.
     0 | D:1      | Reached XP level 1. HP: 19/19 MP: 0/0
    60 | D:1      | Reached XP level 2. HP: 27/27 MP: 1/1
   207 | D:1      | Found a faded altar of an unknown god.
   425 | D:2      | Reached XP level 3. HP: 21/33 MP: 2/2
  1288 | D:3      | Noticed Grinder
  1306 | D:3      | Paralysed by Grinder for 5 turns
  1365 | D:2      | Reached skill level 1 in Maces & Flails
  1365 | D:2      | Reached XP level 4. HP: 20/41 MP: 3/3
  1533 | D:3      | Found a runed translucent door.
  1660 | D:3      | Noticed tonyyikes's ghost (weakling OpTm)
  1666 | D:3      | Found a snail-covered altar of Cheibriados.
  1674 | D:3      | Reached XP level 5. HP: 44/47 MP: 4/4
  1675 | D:3      | Paralysed by Grinder for 3 turns
  1683 | D:3      | Paralysed by Grinder for 7 turns
  2157 | D:4      | Noticed Duvessa
  2157 | D:4      | Noticed Dowan
  2166 | D:3      | Paralysed by Grinder for 5 turns
  2185 | D:3      | Killed from afar by Grinder

Illustrated notes

Levels and vault maps discovered:
D:1:      lightli_arrival_lavapool, layout_rooms,
          shapermc_ecumenical_altar_mp_urbaneastern, chequers_jeans,
          minmay_tromino_v7
D:2:      layout_basic, minivault_23, minmay_tree_intersection
D:3:      minmay_chambers_of_twos, layout_rooms, slow_altar_1,
          ebering_ghost_sewer_d, minmay_misc_feat_tiny, uniq_grinder
D:4:      layout_basic, xom_confusion_cloud, uniq_natasha, uniq_duvessa,
          uniq_eustachio, uniq_sigmund

Skill      XL: |  1  2  3  4  5 |
---------------+----------------+-----
Shields        | 4 |  4.7
Fighting       | 4 |  4.7
Armour         | 4 |  4.8
Axes           | 3 |  3.1
Maces & Flails | 1 2 |  2.0

Action                   |  1- 3 |  4- 6 || total
-------------------------+-------+-------++-------
Melee: War axe           |    62 |       ||    62
       Headbutt          |    10 |     5 ||    15
       Flail             |    15 |    44 ||    59
  Use: Scroll            |       |     1 ||     1
Armor: Scale mail        |    52 |    15 ||    67
Dodge: Dodged            |    42 |    18 ||    60
Block: Buckler           |    23 |     8 ||    31

Table legend: (Time is in decaauts)
 A = Elapsed time spent in this place.
 B = Non-inter-level travel time spent in this place.
 C = Inter-level travel time spent in this place.
 D = Time resting spent in this place.
 E = Time spent auto-exploring this place.
 F = Levels seen in this place.
 G = Mean time per level.
                   A        B        C        D        E       F      G
               +--------+--------+--------+--------+--------+-----+--------+
         Total |   2226 |   2098 |    128 |    588 |    574 |   4 |  556.5 |
       Dungeon |   2226 |   2098 |    128 |    588 |    574 |   4 |  556.5 |
               +--------+--------+--------+--------+--------+-----+--------+

Top non-repeatable levels by time:
     D:2: 1213 daAuts
     D:3: 573 daAuts
     D:1: 437 daAuts
     D:4: 1 daAuts
